 Dungeon Crawl Stone Soup version 0.20-a0-3-g334f831 (webtiles) character file.

123 wazuzu the Cutter (level 4, -1/35 HPs)
             Began as a Demonspawn Monk on Oct 30, 2016.
             Killed by divine providence
             ... invoked by an orc priest
              (13 damage)
             ... on level 3 of the Dungeon.
             The game lasted 00:03:35 (2213 turns).

wazuzu the Cutter (Demonspawn Monk)                 Turns: 2213, Time: 00:03:36

Health: -1/35      AC:  2    Str: 13    XL:     4   Next: 80%
Magic:  4/4        EV: 13    Int:  8    God:
Gold:   75         SH:  0    Dex: 15    Spells: 0 memorised, 3 levels left

rFire  . . .     SeeInvis .     a - +0 short sword
rCold  + . .     Gourm    .     b - +0 robe
rNeg   . . .     Faith    .     (no shield)
rPois  .         Spirit   .     (no helmet)
rElec  .         Reflect  .     (no cloak)
rCorr  .         Harm     .     (no gloves)
MR     .....                    (no boots)
Stlth  +++.......               (no amulet)
                                (no ring)
                                h - -3 ring of intelligence (curse)

@: no status effects
A: cold resistance 1, freezing cloud immunity
a: no special abilities


You were on level 3 of the Dungeon.
You were hungry.

You visited 1 branch of the dungeon, and saw 3 of its levels.

You collected 75 gold pieces.

Inventory:

Hand Weapons
 a - a +0 short sword (weapon)
Armour
 b - a +0 robe (worn)
 l - a +0 buckler
Jewellery
 h - a cursed -3 ring of intelligence (left hand)
Scrolls
 i - 4 scrolls of magic mapping
 j - a scroll of fear {unknown}
 m - a scroll of identify {unknown}
 n - a scroll of fog {unknown}
Potions
 e - a potion of might {unknown}
 k - a potion of agility {unknown}
 o - a potion of flight {unknown}
Comestibles
 c - 5 bread rations
 d - 3 fruits
 f - 2 meat rations
 g - a beef jerky
 p - 2 chunks of flesh


   Skills:
 - Level 3.0 Fighting
 + Level 4.0 Short Blades
 - Level 2.6 Dodging
 + Level 3.7 Stealth


You had 3 spell levels left.
You didn't know any spells.

Dungeon Overview and Level Annotations

Branches:
Dungeon (3/15)

Altars:


Innate Abilities, Weirdness & Mutations

Your flesh is cold resistant. (rC+)
You are immune to freezing clouds.


Message History

You closely miss the orc wizard.
The orc wizard is almost dead.
The orc wizard mumbles some strange words.
The orc wizard flickers and vanishes!
Deactivating autopickup; reactivate with Ctrl-A.
The orc hits you with a dagger.
You hit something.
Reactivating autopickup.
Your Short Blades skill increases to level 4!
You feel a bit more experienced.
Things that are here:
a dagger; a robe; an orc corpse The orc priest looks satisfied for a moment.
There is a stone staircase leading down here.
The orc closely misses you.
The leopard gecko hisses menacingly.
You are feeling hungry.
The orc priest calls down the wrath of Beogh upon you.
Beogh smites you!
You die...

.##.# #o##.# ###..##.#
###.o..##.#
###.....###.## #.....###
#..# #### #.#.### ##o#
s....#######.#.########.#
#...<..†....@o.l.o##.##
####.........####...>.#
#.........# #######
#.........# #.........#
###...†.....#
###...........#
####.............#
....(#...........#


You could see an orc priest, an orc and a leopard gecko.

Vanquished Creatures
  An orc wizard (D:3)
  3 adders
  An ooze (D:1)
  3 worms
  5 dart slugs
  3 bats
  A giant cockroach (D:3)
  7 goblins
  7 hobgoblins
  3 jackals (D:2)
  A quokka (D:2)
  A ball python (D:1)
  3 frilled lizards
  4 kobolds (D:1)
  6 rats
49 creatures vanquished.

Notes
Turn   | Place    | Note
-------+----------+-------------------------------------------
     0 | D:1      | wazuzu the Demonspawn Monk began the quest for the Orb.
     0 | D:1      | Reached XP level 1. HP: 18/18 MP: 1/1
   138 | D:1      | Gained mutation: Your flesh is cold resistant. (rC+) [demonic ancestry]
   138 | D:1      | Reached XP level 2. HP: 18/24 MP: 2/2
   243 | D:1      | Reached skill level 3 in Short Blades
   593 | D:1      | Reached XP level 3. HP: 12/29 MP: 3/3
  1327 | D:2      | Gained mutation: You are immune to freezing clouds. [demonic ancestry]
  1327 | D:2      | Reached XP level 4. HP: 6/35 MP: 4/4
  2201 | D:3      | Reached skill level 4 in Short Blades
  2213 | D:3      | Killed from afar by an orc priest

Vault maps used:
D:1:      dpeg_arrival_morbid_curiosity
D:2:      first_bread

Skill      XL: |  1  2  3  4 |
---------------+-------------+-----
Stealth        | 2 3 |  3.7
Short Blades   | 3 4 |  4.0
Fighting       | |  3.0
Dodging        | |  2.6

Action                   |  1- 3 |  4- 6 || total
-------------------------+-------+-------++-------
Melee: Short sword       |   117 |   102 ||   219
  Use: Scroll            |     1 |       ||     1
 Stab: Sleeping          |     7 |     2 ||     9
  Eat: Chunk             |     1 |     2 ||     3
       Fruit             |       |     1 ||     1
Armor: Robe              |    12 |    24 ||    36
Dodge: Dodged            |    75 |    63 ||   138
